 Dungeon Crawl Stone Soup version 0.22.0-18-ge075c0d (webtiles) character file.

29097 Lew the Blocker (level 13, -22/104 HPs)
             Began as a Gnoll Fighter on Aug 18, 2018.
             Was an Elder of Ashenzari.
             Killed from afar by an ice statue (40 damage)
             ... with a bolt of cold
             ... on level 2 of the Snake Pit.
             The game lasted 00:49:59 (18176 turns).

Lew the Blocker (Gnoll Fighter)                    Turns: 18176, Time: 00:50:02

Health: -22/104    AC: 20    Str: 23    XL:     13   Next: 43%
Magic:  23/25      EV: 11    Int: 11    God:    Ashenzari [****..]
Gold:   911        SH: 16    Dex: 15    Spells: 28/28 levels left

rFire    . . .     SeeInvis +   q - +5 whip (venom)
rCold    . . .     Gourm    .   c - +1 shield (curse)
rNeg     . . .     Faith    .   u - +0 plate armour (curse)
rPois    +         Spirit   .   K - +0 hat {SInv}
rElec    .         Reflect  +   A - +0 cloak (curse)
rCorr    +         Harm     .   x - +1 pair of gloves (curse)
MR       +....     Clarity  +   (no boots)
Stlth    ..........             z - +2 amulet of reflection
HPRegen  0.27/turn              D - ring of poison resistance
MPRegen  0.19/turn              F - ring of resist corrosion

@: no status effects
A: distributed training, fangs 1, magic resistance 1, MP-powered wands, strong
nose
a: Curse Item, Scrying, Renounce Religion


You were on level 2 of the Snake Pit.
You worshipped Ashenzari.
Ashenzari was greatly pleased with you.
You were not hungry.

You visited 3 branches of the dungeon, and saw 14 of its levels.
You also visited: Sewer.

You collected 911 gold pieces.

Inventory:

Hand Weapons
 a - a +0 long sword
 q - a +5 whip of venom (weapon)
 t - a cursed +1 war axe
 y - the +9 arbalest of the Real Monster {penet, *Corrode rElec rPois rF++}
   (You found it on level 7 of the Dungeon)

   Ammo fired by it will pass through the targets it hits, potentially hitting
   all targets in its path until it reaches maximum range.
   It greatly protects you from fire.
   It insulates you from electricity.
   It protects you from poison.
   It may corrode you when you take damage.
Missiles
 C - 76 bolts
Armour
 c - a cursed +1 shield (worn)
 u - a cursed +0 plate armour (worn)
 x - a cursed +1 pair of gloves (worn)
 A - a cursed +0 cloak (worn)
 K - a +0 hat of see invisible (worn)
Jewellery
 e - an uncursed amulet of the acrobat
 o - an uncursed ring of positive energy
 z - a +2 amulet of reflection (around neck)
 D - a ring of poison resistance (left hand)
 F - a ring of resist corrosion (right hand)
 G - an uncursed amulet of the gourmand
 J - an uncursed ring of protection from cold
Wands
 g - a wand of flame (26)
 i - a wand of acid (4)
 m - a wand of paralysis (9)
 n - a wand of polymorph (17)
 E - a wand of disintegration (21)
 L - a wand of enslavement (11)
Scrolls
 h - 3 scrolls of fear
 j - 6 scrolls of teleportation
 p - a scroll of magic mapping
 B - a scroll of immolation
 H - a scroll of torment
Potions
 d - a potion of might
 k - 3 potions of heal wounds
 l - 5 potions of curing
 r - 2 potions of lignification
 s - 3 potions of flight
 v - 2 potions of brilliance
 I - a potion of magic
 O - a potion of ambrosia
Miscellaneous
 w - a fan of gales
Comestibles
 f - 6 rations


   Skills:
 + Level 10.4 Fighting
 + Level 8.1 Short Blades
 + Level 9.4 Long Blades
 + Level 8.1 Axes
 + Level 8.1 Maces & Flails
 + Level 8.1 Polearms
 + Level 8.1 Staves
 + Level 8.1 Slings
 + Level 8.1 Bows
 + Level 8.1 Crossbows
 + Level 8.1 Throwing
 + Level 10.4(13.6) Armour
 + Level 8.1 Dodging
 + Level 8.1 Stealth
 + Level 10.4(12.5) Shields
 + Level 8.1 Unarmed Combat
 + Level 8.1 Spellcasting
 + Level 6.7 Conjurations
 + Level 6.7 Hexes
 + Level 6.7 Charms
 + Level 6.7 Summonings
 + Level 6.7 Necromancy
 + Level 6.7 Translocations
 + Level 6.7 Transmutations
 + Level 6.7 Fire Magic
 + Level 6.7 Ice Magic
 + Level 6.7 Air Magic
 + Level 6.7 Earth Magic
 + Level 6.7 Poison Magic
 + Level 8.9 Invocations
 + Level 8.1 Evocations


You had 28 spell levels left.
You didn't know any spells.
Your spell library contained the following spells:

 Spells                   Type           Power        Failure   Level  Hunger
 Animate Skeleton         Necr           N/A          12%         1    None
 Apportation              Tloc           ###...       12%         1    None
 Confusing Touch          Hex            ###...       12%         1    None
 Freeze                   Ice            ###.         12%         1    None
 Sandblast                Erth           ###...       12%         1    None
 Summon Butterflies       Summ           ###.....     12%         1    None
 Summon Small Mammal      Summ           ###.         12%         1    None
 Passwall                 Tmut/Erth      ###.....     19%         2    #......
 Throw Frost              Conj/Ice       ###...       19%         2    #......
 Lesser Beckoning         Tloc           ###.......   36%         3    ###....
 Ozocubu's Armour         Chrm/Ice       ###.....     36%         3    ###....
 Stone Arrow              Conj/Erth      ###...       36%         3    ###....
 Tukima's Dance           Hex            ###.....     36%         3    ###....
 Petrify                  Tmut/Erth      ###.....     77%         4    ####...
 Summon Ice Beast         Ice/Summ       ###.....     77%         4    ####...
 Throw Icicle             Conj/Ice       ###.....     77%         4    ####...
 Alistair's Intoxication  Tmut/Pois      ###.....     98%         5    ######.
 Lee's Rapid Deconstruct  Erth           ###.......   98%         5    ######.
 Invisibility             Hex            ###.....     100%        6    #######


Dungeon Overview and Level Annotations

Branches:
Dungeon (8/15)             Temple (0/1) D:7            Lair (4/6) D:8
  Swamp (0/4) Lair:2        Snake (2/4) Lair:4

Altars:
Ashenzari
Gozag
Nemelex Xobeh
Ru

Shops:
D:8 *

Portals:
Ice
Cave: Snake:2

Annotations:
Lair:1 3 runed doors, Cealycoh's ghost, novice DEFE
Snake:2 exclusion: 2 ice statues


Innate Abilities, Weirdness & Mutations

Your experience applies equally to all skills.
You have very sharp teeth.
Your uncanny sense of smell can sniff out nearby items.
You are resistant to hostile enchantments. (MR+)
You expend magic power (3 MP) to strengthen your wands.


Message History

You hit the ice statue but do no damage.
The ice statue is almost destroyed.
You are engulfed in freezing vapours.
* * * LOW HITPOINT WARNING * * *
You block the ice beast's attack. The ice beast hits you.
* * * LOW HITPOINT WARNING * * *
The ice beast freezes you!
* * * LOW HITPOINT WARNING * * *
The ice beast barely misses you.
You feel much better.
You are engulfed in freezing vapours.
The ice statue gestures at you. The shard of ice hits you!
You block the ice beast's attack.
The ice beast hits you but does no damage. x2
You hit the ice statue.
The ice statue is almost destroyed.
You are engulfed in freezing vapours.
* * * LOW HITPOINT WARNING * * *
The ice statue gestures at you. The bolt of cold hits you!
You die...

,****,* *,****,**#.# #.# *
,,+,,,******,,,,...,..# #.# *
,,***,,,,,,,,***#.#*#.#######.###
,,* *,******#####.# #............
,,* *,* ###(....###########'###
,,* *,* *##.........#..........#.
*** *,* *.....................(..
,,* *,***......8YY(....%>........
,,* *,,,,......§@Y....†.†........
,,***,***#.....8Y§.(.............
,,+,,,* #.....§......$..........
,,***** ##...........#..........
*** ##.........############
#....%..### #########


You could see 2 ice statues and 4 ice beasts.

Vanquished Creatures
  Asterion (Snake:1)
  Gastronok (Lair:1)
  The ghost of Decwus the Blocker, a journeyman GnFi of Okawaru (Lair:4)
  A hydra (Lair:1)
  4 anacondas
  A naga sharpshooter (Snake:1)
  A mana viper (Snake:1)
  4 salamanders (Snake:1)
  A wolf spider (Lair:2)
  13 black mambas
  Joseph (D:7)
  2 naga magi (Snake:1)
  6 spiny frogs
  3 rime drakes
  4 komodo dragons
  2 polar bears
  A troll (D:7)
  A hornet (D:7)
  A hippogriff (D:8)
  3 blink frogs (Lair:1)
  Sigmund (D:3)
  2 spriggans (Lair:4)
  14 yaks
  3 basilisks
  3 nagas (Snake:1)
  11 water moccasins
  3 porcupines
  An orc warrior (D:7)
  2 black bears
  A necrophage (D:4)
  3 phantoms
  2 ogres
  4 centaurs
  3 wolves (Lair:4)
  3 crocodiles
  2 big kobolds
  12 bullfrogs
  6 scorpions
  3 killer bees (D:7)
  4 wights (D:6)
  2 electric eels
  3 crimson imps
  A howler monkey (D:6)
  3 hounds
  2 bullfrog skeletons
  3 orc wizards
  2 iguanas
  7 worker ants
  A hound zombie (D:8)
  2 worker ant zombies (D:7)
  29 adders
  3 gnolls
  3 river rats
  2 shadow imps
  An ooze (D:2)
  An adder skeleton (D:4)
  4 worms
  2 dart slugs
  6 leopard geckos
  9 orcs
  6 bats
  3 giant cockroaches
  8 goblins
  7 hobgoblins
  9 jackals
  6 quokkas
  2 ball pythons (Lair:4)
  2 frilled lizards (D:1)
  A jackal skeleton (D:6)
  15 kobolds
  A leopard gecko zombie (D:6)
  A quokka skeleton (D:4)
  2 quokka zombies (D:7)
  8 rats
292 creatures vanquished.

Vanquished Creatures (collateral kills)
  2 black mambas (Snake:1)
  A naga (Snake:2)
3 creatures vanquished.

Vanquished Creatures (others)
  A naga ritualist (Snake:1)
  2 black mambas (Snake:1)
  A naga mage (Snake:1)
  3 fungi
  4 plants
11 creatures vanquished.

Grand Total: 306 creatures vanquished

Notes
Turn   | Place    | Note
-------+----------+-------------------------------------------
     0 | D:1      | Lew the Gnoll Fighter began the quest for the Orb.
     0 | D:1      | Reached XP level 1. HP: 23/23 MP: 1/1
   360 | D:1      | Reached XP level 2. HP: 29/29 MP: 2/2
  1010 | D:2      | Reached XP level 3. HP: 35/35 MP: 3/3
  1038 | D:2      | Reached skill level 1 in Invocations
  1041 | D:2      | Reached skill level 1 in Short Blades
  1041 | D:2      | Reached skill level 1 in Axes
  1041 | D:2      | Reached skill level 1 in Maces & Flails
  1041 | D:2      | Reached skill level 1 in Polearms
  1041 | D:2      | Reached skill level 1 in Staves
  1041 | D:2      | Reached skill level 1 in Slings
  1041 | D:2      | Reached skill level 1 in Bows
  1041 | D:2      | Reached skill level 1 in Crossbows
  1041 | D:2      | Reached skill level 1 in Throwing
  1041 | D:2      | Reached skill level 1 in Dodging
  1041 | D:2      | Reached skill level 1 in Stealth
  1041 | D:2      | Reached skill level 1 in Unarmed Combat
  1041 | D:2      | Reached skill level 1 in Spellcasting
  1041 | D:2      | Reached skill level 1 in Evocations
  1041 | D:2      | Reached XP level 4. HP: 26/41 MP: 3/5
  1192 | D:2      | Reached skill level 1 in Conjurations
  1192 | D:2      | Reached skill level 1 in Hexes
  1192 | D:2      | Reached skill level 1 in Charms
  1192 | D:2      | Reached skill level 1 in Summonings
  1192 | D:2      | Reached skill level 1 in Necromancy
  1192 | D:2      | Reached skill level 1 in Translocations
  1192 | D:2      | Reached skill level 1 in Transmutations
  1192 | D:2      | Reached skill level 1 in Fire Magic
  1192 | D:2      | Reached skill level 1 in Ice Magic
  1192 | D:2      | Reached skill level 1 in Air Magic
  1192 | D:2      | Reached skill level 1 in Earth Magic
  1192 | D:2      | Reached skill level 1 in Poison Magic
  1342 | D:2      | Reached XP level 5. HP: 35/47 MP: 6/6
  1388 | D:2      | Found a sparkling altar of Nemelex Xobeh.
  1593 | D:2      | Found a sacrificial altar of Ru.
  2249 | D:3      | Noticed Sigmund
  2266 | D:3      | Killed Sigmund
  2266 | D:3      | Reached skill level 5 in Long Blades
  2266 | D:3      | Reached XP level 6. HP: 7/53 MP: 7/9
  3136 | D:4      | Reached XP level 7. HP: 55/59 MP: 10/10
  3649 | D:4      | Found a shattered altar of Ashenzari.
  3845 | D:4      | Became a worshipper of Ashenzari the Shackled
  3929 | D:5      | Entered Level 5 of the Dungeon
  4196 | D:5      | Reached XP level 8. HP: 52/64 MP: 12/12
  4849 | D:6      | Found a glowing drain.
  4925 | Sewer    | Entered a sewer
  5168 | Sewer    | Found a white marble altar of Elyvilon.
  5396 | D:6      | Reached XP level 9. HP: 40/69 MP: 14/14
  6258 | D:7      | Noticed a hornet
  6263 | D:7      | Killed a hornet
  6305 | D:7      | Noticed Joseph
  6328 | D:7      | Killed Joseph
  6478 | D:7      | Reached skill level 5 in Invocations
  6500 | D:7      | Noticed a troll
  6672 | D:7      | Killed a troll
  6739 | D:7      | Reached XP level 10. HP: 27/77 MP: 17/17
  7264 | D:7      | Reached * piety under Ashenzari
  7289 | D:7      | Found a staircase to the Ecumenical Temple.
  7467 | D:8      | Found an opulent altar of Gozag.
  7497 | D:7      | Got the arbalest of the Real Monster {penet, *Corrode rElec rPois rF++}
  7633 | D:8      | Gained mutation: You expend magic power (3 MP) to strengthen your wands. [potion of mutation]
  7633 | D:8      | Gained mutation: You are resistant to hostile enchantments. (MR+) [potion of mutation]
  7762 | D:8      | Reached skill level 5 in Short Blades
  7762 | D:8      | Reached skill level 5 in Axes
  7762 | D:8      | Reached skill level 5 in Maces & Flails
  7762 | D:8      | Reached skill level 5 in Polearms
  7762 | D:8      | Reached skill level 5 in Staves
  7762 | D:8      | Reached skill level 5 in Slings
  7762 | D:8      | Reached skill level 5 in Bows
  7762 | D:8      | Reached skill level 5 in Crossbows
  7762 | D:8      | Reached skill level 5 in Throwing
  7762 | D:8      | Reached skill level 5 in Dodging
  7762 | D:8      | Reached skill level 5 in Stealth
  7762 | D:8      | Reached skill level 5 in Unarmed Combat
  7762 | D:8      | Reached skill level 5 in Spellcasting
  7762 | D:8      | Reached skill level 5 in Evocations
  7776 | D:8      | Found Gozag's Platinum Reserve.
  7938 | D:8      | Found a staircase to the Lair.
  8380 | Lair:1   | Entered Level 1 of the Lair of Beasts
  8409 | Lair:1   | Noticed a spiny frog
  8421 | Lair:1   | Killed a spiny frog
  8727 | Lair:1   | Noticed a spiny frog
  8744 | Lair:1   | Killed a spiny frog
  8845 | Lair:1   | Noticed a six-headed hydra
  8858 | Lair:1   | Killed a six-headed hydra
  8858 | Lair:1   | Reached XP level 11. HP: 28/84 MP: 19/19
  9160 | Lair:1   | Found a runed gate.
  9195 | Lair:1   | Reached ** piety under Ashenzari
  9302 | Lair:1   | Noticed Cealycoh's ghost (novice DEFE)
  9303 | Lair:1   | Noticed a minotaur
  9404 | Lair:1   | Noticed Gastronok
  9425 | Lair:1   | Killed Gastronok
  9425 | Lair:1   | Reached skill level 5 in Conjurations
  9425 | Lair:1   | Reached skill level 5 in Hexes
  9425 | Lair:1   | Reached skill level 5 in Charms
  9425 | Lair:1   | Reached skill level 5 in Summonings
  9425 | Lair:1   | Reached skill level 5 in Necromancy
  9425 | Lair:1   | Reached skill level 5 in Translocations
  9425 | Lair:1   | Reached skill level 5 in Transmutations
  9425 | Lair:1   | Reached skill level 5 in Fire Magic
  9425 | Lair:1   | Reached skill level 5 in Ice Magic
  9425 | Lair:1   | Reached skill level 5 in Air Magic
  9425 | Lair:1   | Reached skill level 5 in Earth Magic
  9425 | Lair:1   | Reached skill level 5 in Poison Magic
  9822 | Lair:1   | Found a runed gate.
  9822 | Lair:1   | Found a runed gate.
 10186 | Lair:2   | Found a staircase to the Swamp.
 11059 | Lair:2   | Noticed a wolf spider
 11076 | Lair:2   | Killed a wolf spider
 12236 | Lair:3   | Reached XP level 12. HP: 83/96 MP: 22/22
 12657 | Lair:3   | Reached *** piety under Ashenzari
 13363 | Lair:4   | Found a staircase to the Snake Pit.
 13502 | Lair:4   | Found a runed gate.
 13503 | Lair:4   | Found a runed gate.
 13504 | Lair:4   | Found a runed gate.
 13505 | Lair:4   | Noticed Decwus's ghost (journeyman GnFi)
 13579 | Lair:4   | Killed Decwus's ghost
 14191 | Snake:1  | Entered Level 1 of the Snake Pit
 14854 | Snake:1  | Reached skill level 10 in Fighting
 14854 | Snake:1  | Reached skill level 10 in Armour
 14854 | Snake:1  | Reached skill level 10 in Shields
 15075 | Snake:1  | Noticed an anaconda
 15091 | Snake:1  | Killed an anaconda
 15197 | Snake:1  | Reached XP level 13. HP: 89/103 MP: 24/24
 15552 | Snake:1  | Noticed Asterion
 15554 | Snake:1  | Noticed an Executioner
 16913 | Snake:1  | Noticed a green death
 16928 | Snake:1  | Killed Asterion
 18030 | Snake:2  | Found a frozen archway.
 18030 | Snake:2  | Reached **** piety under Ashenzari
 18176 | Snake:2  | Killed from afar by an ice statue

Skill      XL: |  1  2  3  4  5  6  7  8  9 10 11 12 13 |
---------------+----------------------------------------+-----
Invocations    | 1 2 3 4 5 6 7 8 |  8.9
Short Blades   | 1 2 3 4 5 6 7 8 |  8.1
Axes           | 1 2 3 4 5 6 7 8 |  8.1
Maces & Flails | 1 2 3 4 5 6 7 8 |  8.1
Polearms       | 1 2 3 4 5 6 7 8 |  8.1
Staves         | 1 2 3 4 5 6 7 8 |  8.1
Slings         | 1 2 3 4 5 6 7 8 |  8.1
Bows           | 1 2 3 4 5 6 7 8 |  8.1
Crossbows      | 1 2 3 4 5 6 7 8 |  8.1
Throwing       | 1 2 3 4 5 6 7 8 |  8.1
Dodging        | 1 2 3 4 5 6 7 8 |  8.1
Stealth        | 1 2 3 4 5 6 7 8 |  8.1
Unarmed Combat | 1 2 3 4 5 6 7 8 |  8.1
Spellcasting   | 1 2 3 4 5 6 7 8 |  8.1
Evocations     | 1 2 3 4 5 6 7 8 |  8.1
Conjurations   | 1 2 3 4 5 6 |  6.7
Hexes          | 1 2 3 4 5 6 |  6.7
Charms         | 1 2 3 4 5 6 |  6.7
Summonings     | 1 2 3 4 5 6 |  6.7
Necromancy     | 1 2 3 4 5 6 |  6.7
Translocations | 1 2 3 4 5 6 |  6.7
Transmutations | 1 2 3 4 5 6 |  6.7
Fire Magic     | 1 2 3 4 5 6 |  6.7
Ice Magic      | 1 2 3 4 5 6 |  6.7
Air Magic      | 1 2 3 4 5 6 |  6.7
Earth Magic    | 1 2 3 4 5 6 |  6.7
Poison Magic   | 1 2 3 4 5 6 |  6.7
Long Blades    | 5 6 7 8 9 |  9.4
Fighting       | 7 8 9 10 | 10.4
Armour         | 7 8 9 10 | 10.4
Shields        | 7 8 9 10 | 10.4

Action                   |  1- 3 |  4- 6 |  7- 9 | 10-12 | 13-15 || total
-------------------------+-------+-------+-------+-------+-------++-------
Melee: Long sword        |    64 |   176 |   112 |       |       ||   352
       Bite              |     8 |    29 |    64 |   122 |    42 ||   265
       Whip              |       |       |   336 |   867 |   274 ||  1477
Invok: Curse Item        |       |       |     1 |     2 |       ||     3
       Scrying           |       |       |       |       |     1 ||     1
Evoke: Wand              |       |       |       |     4 |    13 ||    17
  Use: Scroll            |       |     8 |     2 |    15 |     6 ||    31
       Potion            |       |     5 |     3 |     5 |     7 ||    20
 Stab: Sleeping          |       |       |     1 |       |       ||     1
  Eat: Chunk             |       |     4 |     5 |    16 |       ||    25
       Ration            |       |     1 |     2 |     7 |     3 ||    13
Armor: Scale mail        |    34 |    59 |    79 |       |       ||   172
       Plate armour      |       |       |    33 |   248 |   109 ||   390
Dodge: Dodged            |    27 |    52 |   146 |   237 |    79 ||   541
Block: Shield            |    42 |    95 |   310 |   611 |   197 ||  1255
       Reflection        |       |       |       |     4 |    10 ||    14
       Rpst.: Long sword |     4 |    18 |    14 |       |       ||    36
